AoeStats
← all muted

MegaRandom

509190899Analyzed
4v4 RM · 7d ago on Sep 25, 2026· 60m 34s· 8 players
Game mode
Random Map
Map size
Large (8 player)
Population
200
Speed
Normal
Resources
Standard
Victory
Conquest
Starting age
Dark Age
Ending age
Imperial Age
RankedLock teamsTeams togetherTeam positionsShared explorationLock speedFull tech treeHidden civsTurbo modeCheats
Victory
Defeat
🇫🇷 Hindustanis · France
1035
+12
🇩🇪 Vietnamese · Germany
1026
+13
🇫🇷 Mongols · France
1012
+13
🇺🇸 Spanish · United States
1000
+14
🇸🇪 Wei · Sweden
1061
-16
🇸🇪 Spanish · Sweden
992
-15
🇨🇭 Magyars · Switzerland
959
-13
🇸🇪 Britons · Sweden
815
-8
CovertSpy
9:48 Feudal Age
10:45 Double-Bit Axe
13:10 Horse Collar
16:45 Stone Mining
17:39 Loom
20:17 Castle Age
18:42 Gold Mining
29:00 Fletching
29:10 Padded Archer Armor
33:18 Imperial Age
31:25 Wheelbarrow
30:37 Town Watch
31:17 Bow Saw
31:09 Heavy Plow
32:12 Stone Shaft Mining
32:22 Bodkin Arrow
32:42 Leather Archer Armor
33:30 Capped Ram
34:58 Hoardings
34:58 Conscription
35:16 Fortified Wall
37:27 Bloodlines
37:17 Husbandry
38:11 Cavalier
39:53 Bracer
40:09 Leather Archer Armor
43:19 Two-Man Saw
42:34 Siege Ram
44:08 Hand Cart
44:05 Paladin
48:09 Forging
47:59 Scale Mail Armor
48:04 Scale Barding Armor
54:36 Iron Casting
54:16 Chain Mail Armor
54:21 Chain Barding Armor
54:33 Ring Archer Armor
59:10 Blast Furnace
58:41 Plate Mail Armor
58:46 Plate Barding Armor
59:33 Spies/Treason
BELNA
10:42 Feudal Age
12:43 Bloodlines
21:40 Castle Age
20:13 Loom
20:21 Gold Mining
20:18 Double-Bit Axe
21:37 Fletching
22:51 Forging
22:43 Scale Mail Armor
23:33 Bow Saw
28:45 Gold Shaft Mining
28:57 Bodkin Arrow
29:04 Stone Mining
29:07 Horse Collar
32:45 Padded Archer Armor
41:19 Imperial Age
39:11 Leather Archer Armor
39:59 Ballistics
42:33 Bracer
42:11 Elite Mangudai
44:38 Wheelbarrow
43:52 Capped Ram
45:21 Drill
45:42 Hand Cart
45:29 Siege Ram
47:41 Chemistry
46:37 Murder Holes
46:56 Siege Engineers
57:09 Spies/Treason
Kazunoa
11:03 Feudal Age
11:11 Loom
17:34 Castle Age
17:03 Fletching
19:06 Crossbowman
21:18 Bodkin Arrow
21:24 Double-Bit Axe
25:22 Wheelbarrow
27:50 Horse Collar
28:20 Bow Saw
28:13 Padded Archer Armor
30:06 Gold Mining
31:04 Ballistics
31:00 Hand Cart
31:03 Stone Mining
31:17 Heavy Plow
32:29 Thumb Ring
32:49 Leather Archer Armor
32:43 Scale Barding Armor
33:23 Stone Shaft Mining
34:00 Elite Skirmisher
36:58 Gold Shaft Mining
38:58 Imperial Age
36:15 Town Watch
36:35 Squires
37:54 Grand Trunk Road
41:46 Bracer
42:16 Ring Archer Armor
42:51 Chemistry
42:56 Siege Elephant
44:14 Conscription
46:11 Town Patrol
47:32 Shatagni
55:23 Caravan
57:12 Spies/Treason
TobsusMaximus
8:23 Loom
11:52 Feudal Age
17:30 Castle Age
15:21 Double-Bit Axe
15:18 Horse Collar
16:59 Bloodlines
18:12 Gold Mining
19:17 Forging
19:14 Scale Barding Armor
27:58 Heavy Plow
33:43 Imperial Age
32:10 Wheelbarrow
31:20 Town Watch
31:40 Husbandry
35:11 Bow Saw
35:34 Crop Rotation
34:50 Elite Battle Elephant
36:58 Iron Casting
37:15 Chain Barding Armor
37:00 Stone Mining
38:12 Two-Man Saw
37:31 Hand Cart
37:18 Murder Holes
39:47 Fletching
39:58 Padded Archer Armor
40:20 Ballistics
41:00 Chemistry
42:28 Caravan
45:17 Town Patrol
45:31 Chatras
50:16 Plate Barding Armor
49:14 Capped Ram
52:19 Paper Money
53:28 Bodkin Arrow
53:49 Leather Archer Armor
53:56 Siege Engineers
54:15 Bombard Tower
56:08 Bracer
56:38 Ring Archer Armor
56:15 Thumb Ring
55:31 Heavy Cavalry Archer
55:34 Light Cavalry
55:52 Spies/Treason
57:41 Hoardings
57:13 Scale Mail Armor
57:18 Squires
58:59 Chain Mail Armor
Abraham Fistelquist
15:16 Feudal Age
15:48 Double-Bit Axe
15:52 Horse Collar
17:10 Wheelbarrow
17:12 Town Watch
24:31 Castle Age
25:57 Hand Cart
26:13 Bow Saw
27:24 Thumb Ring
28:45 Crossbowman
30:02 Fletching
37:42 Bodkin Arrow
41:28 Gold Mining
41:30 Stone Mining
41:49 Stone Mining
43:02 Gold Shaft Mining
46:13 Husbandry
47:11 Bloodlines
46:23 Light Cavalry
50:25 Corvinian Army
all muted
9:58 Feudal Age
16:03 Horse Collar
16:11 Double-Bit Axe
20:07 Castle Age
21:00 Heavy Plow
21:12 Bow Saw
21:42 Wheelbarrow
20:53 Loom
24:11 Husbandry
24:15 Squires
23:42 Elite Skirmisher
24:13 Pikeman
26:58 Hand Cart
26:29 Town Watch
31:00 Crossbowman
31:51 Padded Archer Armor
31:41 Fletching
32:03 Forging
31:55 Scale Mail Armor
32:00 Scale Barding Armor
32:09 Fortified Wall
32:10 Masonry
31:56 Murder Holes
33:56 Leather Archer Armor
33:37 Bodkin Arrow
44:04 Imperial Age
45:02 Halberdier
49:03 Coinage
50:14 Banking
snor
3:35 Loom
11:25 Feudal Age
20:13 Castle Age
20:44 Stone Mining
22:27 Double-Bit Axe
25:19 Fletching
25:37 Gold Mining
31:57 Wheelbarrow
31:11 Town Watch
31:48 Horse Collar
32:47 Padded Archer Armor
33:33 Heavy Plow
38:09 Imperial Age
36:25 Ballistics
36:20 Bodkin Arrow
36:41 Leather Archer Armor
37:36 Hand Cart
39:36 Elite Conquistador
44:05 Bracer
44:36 Ring Archer Armor
44:09 Town Patrol
44:32 Bow Saw
46:43 Scale Barding Armor
OpidilO WalkeR
7:18 Loom
9:41 Feudal Age
14:01 Forging
14:36 Double-Bit Axe
15:17 Fletching
22:53 Horse Collar
27:57 Castle Age
28:56 Bow Saw
28:38 Gold Mining
31:00 Heavy Plow
32:44 Wheelbarrow
31:54 Town Watch
33:36 Bodkin Arrow
36:02 Ballistics
36:31 Scale Barding Armor
36:36 Forging
38:08 Guard Tower
39:03 Padded Archer Armor
48:21 Imperial Age
47:37 Squires
49:31 Conscription
49:51 Hoardings
50:34 Elite Tiger Cavalry
52:01 Chain Barding Armor
51:41 Scale Mail Armor
52:16 Iron Casting
Connection lost

Rejoining the realm…

Still unreachable

The connection could not be restored.

Session expired

The server has moved on; the page needs a fresh start.